Map: Orbital Shipyard

Players

Javert

  • Race: Zerg Zerg
  • League: Grandmaster

Punch - Winner!

  • Race: Zerg Zerg
  • League: Gold

VOD

Have the link to the VOD?

Description

Time

  • Played on: Aug. 30, 2015, 9:21 p.m.
  • Length: 8:24
Show
View Real Time Build Order
Export as new Build Order

Javert Zerg 

Build Orders: Pool First 

Get SALT Encoding   

  12  0:01  Drone  
  13  0:16  Overlord  
  13  0:19  Drone  
  14  0:34  Drone x2  
  16  0:39  Drone  
  16  0:41  Extractor  
  16  0:51  Spawning Pool  
  16  0:52  Drone  
  16  1:00  Drone  
  17  1:18  Hatchery  
  16  1:23  Drone  
  17  1:39  Roach Warren  
  16  1:42  Queen  
  16  1:47  Drone  
  19  1:53  Overlord  
  19  2:20  Roach x3  
  19  2:22  Queen  
  27  2:38  Roach  
  27  2:39  Roach  
  31  2:45  Drone  
  31  2:46  Drone  
  31  2:50  Overlord  
  33  3:00  Drone x3  
  36  3:14  Drone x3  
  36  3:19  Drone  
  40  3:24  Overlord  
  40  3:26  Drone x3  
  43  3:38  Hatchery  
  42  3:45  Roach x2  
  46  3:52  Drone x2  
  48  4:04  Drone x4  
  48  4:09  Overlord  
  52  4:15  Extractor  
  51  4:17  Evolution Chamber  
  50  4:31  Drone x4  
  50  4:32  Drone  
  55  4:52  Drone x3  
  58  4:53  Zerg Missile Weapons Level 1  
  58  4:54  Lair  
  58  5:02  Overlord  
  58  5:04  Extractor  
  57  5:17  Overlord  
  57  5:19  Extractor  
  56  5:21  Hatchery, Drone x3  
  56  5:22  Drone x4  
  56  5:28  Queen  
  64  5:41  Drone x4  
  64  5:42  Drone x2  
  70  5:53  Glial Reconstitution  
  70  5:56  Roach x2  
  74  5:58  Overseer  
  74  6:06  Hydralisk Den  
  74  6:08  Drone x3  
  74  6:10  Overlord x3  
  76  6:18  Overlord  
  76  6:24  Lurker Den  
  76  6:25  Evolution Chamber  
  75  6:27  Overlord  
  75  6:31  Roach  
  75  6:32  Roach  
  79  6:54  Drone x8  
  87  7:03  Drone x2  
  87  7:04  Queen  
  91  7:16  Drone x6  
  91  7:17  Drone x3  
  100  7:33  Hydralisk x3  
  106  7:41  Hydralisk x7  
  118  7:45  Spine Crawler  
  117  7:51  Hatchery  
Show
View Real Time Build Order
Export as new Build Order

Punch Zerg - Winner!

Build Orders: Hatch First 

Get SALT Encoding   

  12  0:01  Drone  
  13  0:12  Overlord  
  13  0:21  Drone  
  14  0:31  Drone  
  14  0:32  Drone  
  14  0:34  Drone  
  17  0:45  Drone  
  18  0:55  Hatchery  
  17  0:59  Drone  
  18  1:10  Drone  
  19  1:13  Extractor  
  18  1:19  Spawning Pool  
  18  1:20  Drone  
  18  1:28  Drone  
  19  1:40  Drone  
  20  1:50  Drone  
  21  1:59  Overlord  
  21  2:06  Queen  
  21  2:07  Queen  
  25  2:17  Zergling x4  
  25  2:19  Metabolic Boost  
  27  2:23  Zergling x4  
  29  2:42  Hatchery  
  28  2:51  Zergling x10  
  32  2:54  Overlord  
  33  3:01  Overlord  
  33  3:06  Queen  
  34  3:21  Drone x6  
  40  3:30  Drone  
  40  3:31  Drone  
  42  3:39  Extractor  
  41  3:43  Drone  
  41  3:44  Drone  
  41  3:45  Evolution Chamber  
  41  3:46  Evolution Chamber  
  41  3:48  Drone x2  
  43  3:56  Drone  
  43  3:57  Drone x3  
  46  4:05  Drone x3  
  49  4:13  Zerg Missile Weapons Level 1  
  49  4:27  Extractor  
  47  4:52  Drone x6  
  51  4:53  Drone x6  
  51  4:54  Overlord x2  
  51  4:57  Lair, Zerg Ground Armor Level 1  
  51  4:59  Queen  
  56  5:12  Overlord x4  
  55  5:22  Overlord x2  
  55  5:23  Overlord  
  55  5:25  Roach Warren  
  55  5:28  Extractor  
  53  5:29  Drone  
  53  5:30  Drone x3  
  53  5:31  Drone  
  53  5:33  Drone  
  59  5:42  Drone x3  
  62  5:48  Overlord x2  
  62  5:49  Overlord x2  
  62  5:59  Hydralisk Den  
  61  6:05  Glial Reconstitution  
  61  6:09  Roach x7  
  75  6:27  Overseer  
  75  6:33  Roach x8, Extractor  
  75  6:34  Roach  
  92  6:49  Overlord x4  
  92  6:50  Overlord  
  92  6:55  Spore Crawler  
  92  6:59  Roach  
  92  7:00  Roach x5  
  103  7:14  Roach x5  
  111  7:35  Roach x4  
  111  7:36  Roach x5  
  127  7:41  Roach x3  
  133  7:46  Overlord  
  133  7:47  Overseer x3  
  133  7:56  Roach x2  
Tags
 
Add a new tag
Caveats
  • Supply blocks, unpowered buildings, or Contaminate may cause inaccurate times.
  • Supply counts are checked every 10 seconds.